 Dungeon Crawl Stone Soup version 0.29.1-12-g30fa7ad0bf (webtiles) character file.

Game seed: 978300163933095557

872 LustLizard the Ruffian (level 7, -10/71 HPs)
             Began as a Troll Fighter on Dec 24, 2022.
             Mangled by Duvessa
             ... wielding a +0 short sword
              (13 damage)
             ... on level 4 of the Dungeon.
             The game lasted 00:07:31 (3243 turns).

LustLizard the Ruffian (Troll Fighter)              Turns: 3243, Time: 00:07:32

Health: -10/71     AC:  5    Str: 25    XL:     7   Next: 74%
Magic:  6/6        EV:  8    Int:  6    God:
Gold:   246        SH:  8    Dex:  9    Spells: 6/6 levels left

rFire   . . .      SeeInvis .     - Unarmed
rCold   . . .      Faith    .   b - +0 kite shield
rNeg    . . .      Spirit   .   a - +0 robe
rPois   .          Reflect  .   (helmet restricted)
rElec   .          Harm     .   e - +0 cloak
rCorr   .          Rampage  .   (gloves unavailable)
Will    .....                   (boots unavailable)
Stlth   +.........              (no amulet)
HPRegen 1.01/turn               (no ring)
MPRegen 0.10/turn               (no ring)

@: no status effects
A: large, unfitting armour, claws 3, regeneration 1, shaggy fur 1, tough skin 1
a: no special abilities


You were on level 4 of the Dungeon.
You visited 1 branch of the dungeon, and saw 4 of its levels.
You also visited: Sewer.

You collected 246 gold pieces.

Inventory:

Missiles
 s - 7 poisoned darts (quivered)
Armour
 a - a +0 robe (worn)
 b - a +0 kite shield (worn)
 e - a +0 cloak (worn)
 p - a +0 tower shield
Jewellery
 f - a ring of fire
Wands
 u - a wand of acid (9)
Scrolls
 g - a scroll of brand weapon {unknown}
 h - 2 scrolls of identify {unknown}
 j - a scroll of vulnerability {unknown}
 k - 2 scrolls of poison {unknown}
 m - 2 scrolls of enchant weapon {unknown}
 o - a scroll of butterflies {unknown}
 r - a scroll of enchant armour {unknown}
 t - a scroll of summoning {unknown}
Potions
 c - a potion of might
 d - a potion of lignification {unknown}
 i - 4 potions of curing {unknown}
 l - a potion of degeneration {unknown}
 n - 3 potions of haste {unknown}
 q - a potion of cancellation {unknown}
 v - 3 potions of heal wounds {unknown}


   Skills:
 + Level 4.3 Fighting
 - Level 2.4 Dodging
 + Level 4.8 Shields
 * Level 6.5 Unarmed Combat


You had 6 spell levels left.
You didn't know any spells.
Your spell library contained the following spells:

 Spells                   Type           Power      Damage    Failure   Level
 Slow                     Hex            0%         N/A       73%         1
 Ensorcelled Hibernation  Hex/Ice        0%         N/A       86%         2
 Passwall                 Tmut/Erth      0%         N/A       86%         2
 Confusing Touch          Hex            0%         N/A       97%         3
 Conjure Flame            Conj/Fire      0%         6-21      97%         3
 Ignite Poison            Fire/Tmut/Pois 0%         N/A       97%         3
 Swiftness                Air            0%         N/A       97%         3
 Vampiric Draining        Necr           0%         2d6       97%         3
 Sticky Flame             Conj/Fire      0%         2d3       100%        4
 Silence                  Hex/Air        0%         N/A       100%        5
 Conjure Ball Lightning   Conj/Air       0%         3x3d6     100%        6
 Disjunction              Tloc           0%         N/A       100%        8


Dungeon Overview and Level Annotations

Branches:
Dungeon (4/15)              Sewer (visited)
 Temple: D:4-7

Altars:
Makhleb

Annotations:
D:4 Duvessa


Innate Abilities, Weirdness & Mutations

You are too large for most types of armour.
You have claws for hands.
Your natural rate of healing is unusually fast.
You are covered in fur. (AC +1)
You have tough skin. (AC +1)


Message History

Duvessa is lightly wounded.
Duvessa hits you with a +0 short sword.
You claw Duvessa!
Duvessa is moderately wounded.
Duvessa hits you but does no damage. You block Duvessa's attack.
You closely miss Duvessa.
Duvessa is moderately wounded.
Duvessa hits you with a +0 short sword!
You claw Duvessa!
Duvessa is heavily wounded.
Duvessa hits you with a +0 short sword! You block Duvessa's attack.
You scratch Duvessa.
Duvessa is heavily wounded.
You block Duvessa's attack.
You scratch Duvessa.
Duvessa is heavily wounded.
Duvessa hits you with a +0 short sword.
* * * LOW HITPOINT WARNING * * *
You block Duvessa's attack.
You closely miss Duvessa.
Duvessa is heavily wounded.
You block Duvessa's attack.
You closely miss Duvessa.
Duvessa is heavily wounded.
You block Duvessa's attack.
You closely miss Duvessa.
Duvessa is heavily wounded.
Duvessa hits you with a +0 short sword!
* * * LOW HITPOINT WARNING * * *
Duvessa hits you with a +0 short sword.
* * * LOW HITPOINT WARNING * * *
You scratch Duvessa.
Duvessa is severely wounded.
Duvessa hits you with a +0 short sword.
* * * LOW HITPOINT WARNING * * *
You block Duvessa's attack.
You mangle Duvessa!!
Duvessa is almost dead.
Duvessa hits you with a +0 short sword!
You die...

#.............#....#
#.............#...##
#.............#####
#########.....#...#
#.....#...# #....†#...#
#.....#'###
#.....#...########
#@e.).#...........
#)....'...........
#(....#...........
#.....##'#####....
............#....###'###
............#...........
............#...........
............#...........
............#...........


You could see Duvessa (berserk).

Vanquished Creatures
  Sigmund (D:4)
  An ice beast (D:3)
  A phantom (D:4)
  A kobold brigand (Sewer)
  A scorpion (D:4)
  Dowan (D:4)
  A hound (D:4)
  A jelly (D:4)
  Robin (D:2)
  3 gnolls (D:4)
  8 adders
  6 river rats (Sewer)
  7 worms
  3 dart slugs
  3 orcs (D:3)
  5 bats
  8 endoplasms
  3 giant cockroaches
  15 hobgoblins
  4 jackals
  12 kobolds
  2 quokkas (D:2)
  9 ball pythons
  8 frilled lizards
  16 goblins
  10 rats
131 creatures vanquished.

Vanquished Creatures (others)
  7 plants (Sewer)
7 creatures vanquished.

Grand Total: 138 creatures vanquished

Notes
Turn   | Place    | Note
-------+----------+-------------------------------------------
     0 | D:1      | LustLizard the Troll Fighter began the quest for the Orb.
     0 | D:1      | Reached XP level 1. HP: 22/22 MP: 0/0
   402 | D:1      | Reached XP level 2. HP: 29/29 MP: 1/1
   523 | D:1      | Found a faded altar of an unknown god.
   815 | D:2      | Noticed Robin
   823 | D:1      | Reached XP level 3. HP: 30/36 MP: 2/2
   842 | D:1      | Reached skill level 3 in Unarmed Combat
   987 | D:2      | Killed Robin
   988 | D:2      | Reached XP level 4. HP: 44/44 MP: 3/3
  1472 | D:2      | Got Seraoner's Verses on the Wayfarer and the Lungs
  1574 | D:3      | Found a burning altar of Makhleb.
  1648 | D:3      | Reached skill level 4 in Unarmed Combat
  1674 | D:3      | Reached XP level 5. HP: 53/53 MP: 4/4
  1721 | D:3      | Found a glowing drain.
  1779 | Sewer    | Entered a sewer
  1951 | Sewer    | Reached XP level 6. HP: 61/61 MP: 5/5
  2598 | D:3      | Reached skill level 5 in Unarmed Combat
  2659 | D:3      | Noticed an ice beast
  2670 | D:3      | Killed an ice beast
  2841 | D:4      | Reached XP level 7. HP: 64/68 MP: 6/6
  2961 | D:4      | Noticed Sigmund
  2984 | D:4      | Killed Sigmund
  2985 | D:4      | Reached skill level 6 in Unarmed Combat
  3221 | D:4      | Noticed Duvessa
  3221 | D:4      | Noticed Dowan
  3232 | D:4      | Killed Dowan
  3242 | D:4      | HP: 2/71 [Duvessa/+0 short sword (3)]
  3243 | D:4      | Mangled by Duvessa

Illustrated notes

Levels and vault maps discovered:
D:1:      zaba_arrival_water, layout_basic, shapermc_ecumenical_altar_gd,
          st_stairs_1
D:2:      layout_loops_ring, minmay_indecisive_spiral, uniq_robin
D:3:      layout_basic, bloody_makhleb, cheibrodos_sewer_entry_bend,
          guppyfry_early_orc_mine
D:4:      layout_gridville, lightli_corner_chamber, uniq_duvessa, uniq_sigmund

Skill      XL: |  1  2  3  4  5  6  7 |
---------------+----------------------+-----
Shields        | 3 4 |  4.8
Unarmed Combat | 3 4 5 6 |  6.5
Fighting       | 3 4 |  4.3
Dodging        | |  2.4

Action                   |  1- 3 |  4- 6 |  7- 9 || total
-------------------------+-------+-------+-------++-------
Melee: Unarmed           |    96 |   237 |    50 ||   383
Throw: Dart              |       |       |     1 ||     1
Evoke: Wand              |       |     3 |       ||     3
 Stab: Sleeping          |     2 |     1 |       ||     3
Armor: Robe              |    34 |    56 |     7 ||    97
Dodge: Dodged            |    24 |    72 |    11 ||   107
Block: Kite shield       |    42 |    73 |    17 ||   132
